 Dungeon Crawl Stone Soup version 0.27-a0-978-g2aa4ecdaef (webtiles) character file.

Game seed: 11281293866830458723

212 tardwrangler69 the Chiller (level 5, -2/38 HPs)
             Began as a Draconian Ice Elementalist on Apr 14, 2021.
             Killed by nerve-wracking pain
             ... invoked by Grinder
              (10 damage)
             ... on level 3 of the Dungeon.
             The game lasted 00:03:51 (3419 turns).

tardwrangler69 the Chiller (DrIE)                   Turns: 3419, Time: 00:03:52

Health: -2/38      AC:  5    Str: 10    XL:     5   Next: 58%
Magic:  2/10       EV: 12    Int: 17    God:
Gold:   156        SH:  0    Dex: 11    Spells: 3/10 levels left

rFire    . . .     SeeInvis .   q - +2 whip (vamp)
rCold    + . .     Faith    .   (no shield)
rNeg     . . .     Spirit   .   (armour unavailable)
rPois    .         Reflect  .   (helmet restricted)
rElec    .         Harm     .   (no cloak)
rCorr    .         Rampage  .   (no gloves)
Will     .....                  (no boots)
Stlth    ++........             (no amulet)
HPRegen  0.12/turn              i - ring of protection from cold
MPRegen  0.12/turn              (no ring)

@: freezing walls
A: AC +5, unfitting armour, cold-blooded
a: no special abilities


You were on level 3 of the Dungeon.
You visited 1 branch of the dungeon, and saw 3 of its levels.

You collected 156 gold pieces.

Inventory:

Hand Weapons
 q - a +2 vampiric whip (weapon)
Missiles
 h - 59 stones
 p - 3 atropa-tipped darts
Jewellery
 i - a ring of protection from cold (left hand)
Scrolls
 b - a scroll of teleportation {unknown}
 d - 2 scrolls of noise {unknown}
 f - a scroll of enchant armour {unknown}
 g - a scroll of identify {unknown}
 j - 2 scrolls of fear {unknown}
 m - a scroll of magic mapping {unknown}
Potions
 a - a potion of magic {unknown}
 c - a potion of flight {unknown}
 e - a potion of brilliance {unknown}
 k - a potion of cancellation {unknown}
 n - a potion of resistance {unknown}
 o - a potion of ambrosia {unknown}


   Skills:
 - Level 1.7 Dodging
 - Level 1.7 Stealth
 + Level 3.4 Spellcasting
 * Level 6.1 Ice Magic


You had 3 spell levels left.
You knew the following spells:

 Your Spells              Type           Power      Damage    Failure   Level
a - Freeze                Ice            92%        1d10      1%          1
b - Frozen Ramparts       Ice            46%        1d6       4%          3
c - Ozocubu's Armour      Ice            23%        N/A       4%          3

Your spell library contained the following spells:

 Spells                   Type           Power      Damage    Failure   Level
 Animate Skeleton         Necr           4%         N/A       17%         1
 Pain                     Necr           8%         1d4       17%         1
 Vampiric Draining        Necr           1%         2d6       45%         3
 Hailstorm                Conj/Ice       13%        3d5       43%         4
 Metabolic Englaciation   Hex/Ice        6%         N/A       78%         5
 Animate Dead             Necr           1%         N/A       86%         4
 Agony                    Necr           2%         N/A       99%         5


Dungeon Overview and Level Annotations

Branches:
Dungeon (3/15)

Altars:
Hepliaklqana

Annotations:
D:3 Grinder


Innate Abilities, Weirdness & Mutations

Your plain brown scales are hard. (AC +5)
You cannot fit into any form of body armour.
You are cold-blooded and may be slowed by cold attacks.


Message History

Grinder is moderately wounded.
The hound zombie resists.
The wall freezes the hound zombie.
The hound zombie bites you but does no damage.
The hound zombie completely resists.
The wall freezes the hound zombie but does no damage.
The hound zombie bites you but does no damage.
The wall freezes the ball python!
You kill the ball python!
Grinder resists.
The wall freezes Grinder.
Grinder grins, showing sharp teeth.
Grinder gestures at you. You resist with significant effort.
The wall freezes the rat.
You kill the rat!
You closely miss Grinder.
Grinder is moderately wounded.
The hound zombie completely resists.
The wall freezes the hound zombie but does no damage.
The hound zombie bites you.
Grinder completely resists.
The wall freezes Grinder but does no damage.
Grinder closely misses you.
You hit Grinder.
Grinder is moderately wounded.
The hound zombie completely resists.
The wall freezes the hound zombie but does no damage.
The hound zombie bites you.
Grinder completely resists.
The wall freezes Grinder but does no damage.
Grinder hits you!
* * * LOW HITPOINT WARNING * * *
The hound zombie completely resists.
The wall freezes the hound zombie but does no damage.
The hound zombie barely misses you.
You hit Grinder.
Grinder is moderately wounded.
The hound zombie completely resists.
The wall freezes the hound zombie but does no damage.
The hound zombie bites you but does no damage.
Grinder resists.
The wall freezes Grinder.
Grinder gestures at you. Pain shoots through your body!
You die...

##.# .'.# .. .### #### .##
.#. # ....... ..#.. # # #.#.#
# ### .#### .†.###.##
..###..... #†Z...... #.#...#
#@...#... #...#.#
######5.#....##.
##..#.#####.......##...#..
#..#........#####.##.....
......#### ####.##...###
#.#....# #.........).#
#.###.># #........†..#
#.###..#######........#..##
......................#...###


You could see Grinder and a hound zombie.

Vanquished Creatures
  A necrophage (D:3)
  Terence (D:2)
  2 adders
  3 worms (D:2)
  5 dart slugs
  3 orcs (D:3)
  4 endoplasms
  7 goblins
  3 hobgoblins
  4 jackals (D:3)
  3 quokkas
  7 ball pythons
  6 bats
  2 frilled lizards (D:1)
  6 kobolds
  8 rats
65 creatures vanquished.

Notes
Turn   | Place    | Note
-------+----------+-------------------------------------------
     0 | D:1      | tardwrangler69 the Draconian Ice Elementalist began the
                  | quest for the Orb.
     0 | D:1      | Reached XP level 1. HP: 14/14 MP: 3/3
   291 | D:1      | Reached XP level 2. HP: 13/20 MP: 0/5
  1442 | D:1      | Reached XP level 3. HP: 21/26 MP: 6/6
  1636 | D:2      | Learned a level 3 spell: Frozen Ramparts
  1640 | D:2      | Learned a level 3 spell: Ozocubu's Armour
  1987 | D:2      | Noticed Terence
  2045 | D:2      | Killed Terence
  2046 | D:2      | Reached skill level 5 in Ice Magic
  2046 | D:2      | Reached XP level 4. HP: 16/33 MP: 0/8
  2218 | D:2      | Found a hazy altar of Hepliaklqana.
  3220 | D:3      | Noticed a necrophage
  3228 | D:3      | Killed a necrophage
  3229 | D:3      | Reached skill level 6 in Ice Magic
  3229 | D:3      | Reached XP level 5. HP: 30/38 MP: 2/10
  3406 | D:3      | Noticed Grinder
  3419 | D:3      | Killed from afar by Grinder

Illustrated notes

Levels and vault maps discovered:
D:1:      dpeg_arrival_lava_altar, layout_basic, minmay_tall_x
D:2:      layout_loops_cross, basic_altar, grunt_ministairs_9, uniq_terence
D:3:      layout_rooms, portal_sewer_entry_b, grunt_ministairs_15, uniq_grinder,
          uniq_robin

Skill      XL: |  1  2  3  4 |
---------------+-------------+-----
Ice Magic      | 5 6 |  6.1
Spellcasting   | 3 |  3.4
Dodging        | |  1.7
Stealth        | |  1.7

Action                   |  1- 3 |  4- 6 || total
-------------------------+-------+-------++-------
Melee: Unarmed           |    12 |       ||    12
       Tailslap          |    11 |     2 ||    13
       Short sword       |    84 |    25 ||   109
       Whip              |       |    37 ||    37
 Cast: Freeze            |    17 |     9 ||    26
       Ozocubu's Armour  |     1 |     4 ||     5
       Frozen Ramparts   |     1 |     5 ||     6
 Stab: Sleeping          |     2 |     2 ||     4
Armor: Skin              |    26 |    18 ||    44
Dodge: Dodged            |    64 |    42 ||   106

Table legend: (Time is in decaauts)
 A = Elapsed time spent in this place.
 B = Non-inter-level travel time spent in this place.
 C = Inter-level travel time spent in this place.
 D = Time resting spent in this place.
 E = Time spent auto-exploring this place.
 F = Levels seen in this place.
 G = Mean time per level.
                   A        B        C        D        E       F      G
               +--------+--------+--------+--------+--------+-----+--------+
         Total |   3432 |   3308 |    124 |      0 |   2843 |   3 | 1144.0 |
       Dungeon |   3432 |   3308 |    124 |      0 |   2843 |   3 | 1144.0 |
               +--------+--------+--------+--------+--------+-----+--------+

Top non-repeatable levels by time:
     D:1: 1576 daAuts
     D:2: 1359 daAuts
     D:3: 496 daAuts
